 Dungeon Crawl Stone Soup version 0.27.1-1-g398f81649c (webtiles) character file.

Game seed: 14038456642866311714

319 nxtlvl the Firebug (level 6, -4/41 HPs)
             Began as a Formicid Fire Elementalist on Sept 9, 2021.
             Was an Initiate of Sif Muna.
             Engulfed by a steam dragon's steam (8 damage)
             ... on level 7 of the Dungeon.
             The game lasted 00:13:17 (1157 turns).

nxtlvl the Firebug (Formicid Fire Elementalist)     Turns: 1157, Time: 00:13:18

Health: -4/41      AC:  3    Str: 13    XL:     6   Next: 74%
Magic:  7/9        EV: 11    Int: 16    God:    Sif Muna [......]
Gold:   94         SH:  0    Dex: 11    Spells: 4/9 levels left

rFire    . . .     SeeInvis +   a - +0 whip
rCold    . . .     Faith    .   (no shield)
rNeg     . . .     Spirit   .   c - +0 leather armour
rPois    .         Reflect  .   (helmet unavailable)
rElec    .         Harm     .   (no cloak)
rCorr    .         Rampage  .   (no gloves)
Will     +....                  (no boots)
Stlth    ++........             (no amulet)
HPRegen  0.13/turn              i - ring of willpower
MPRegen  0.11/turn              (no ring)

@: no status effects
A: permanent stasis, dig shafts and tunnels, antennae 3, four strong arms
a: Dig, Shaft Self, Renounce Religion


You were on level 7 of the Dungeon.
You worshipped Sif Muna.
Sif Muna was noncommittal.
You visited 2 branches of the dungeon, and saw 8 of its levels.

You collected 94 gold pieces.

Inventory:

Hand Weapons
 a - a +0 whip (weapon)
Missiles
 d - 8 poisoned darts
Armour
 c - a +0 leather armour (worn)
Jewellery
 h - a ring of protection from cold
 i - a ring of willpower (left hand)
Scrolls
 e - a scroll of immolation {unknown}
 f - 3 scrolls of identify {unknown}
 g - 5 scrolls of noise {unknown}
 j - a scroll of enchant armour {unknown}
 k - a scroll of vulnerability {unknown}
Potions
 b - a potion of resistance {unknown}
 l - a potion of cancellation {unknown}


   Skills:
 - Level 1.7 Dodging
 - Level 2.4 Stealth
 - Level 2.1 Spellcasting
 + Level 3.4 Conjurations
 + Level 4.9 Fire Magic
 + Level 3.5 Invocations


You had 4 spell levels left.
You knew the following spells:

 Your Spells              Type           Power      Damage    Failure   Level
x - Sticky Flame          Conj/Fire      15%        2d4       41%         4
z - Foxfire               Conj/Fire      60%        2x1d7     4%          1

Your spell library contained the following spells:

 Spells                   Type           Power      Damage    Failure   Level
 Conjure Flame            Conj/Fire      15%        6-21      14%         3
 Inner Flame              Hex/Fire       9%         N/A       28%         3
 Ignite Poison            Fire/Tmut/Pois 6%         N/A       36%         3
 Mephitic Cloud           Conj/Pois/Air  5%         N/A       43%         3
 Fireball                 Conj/Fire      7%         3d5       77%         5
 Bolt of Magma            Conj/Fire/Erth 5%         4d5       92%         5


Dungeon Overview and Level Annotations

Branches:
Dungeon (7/15)             Temple (1/1) D:4

Altars:
Cheibriados
Dithmenos
Gozag
Kikubaaqudgha
Nemelex Xobeh
Okawaru
Ru
Sif Muna
Trog
Wu Jian
Yredelemnul
Zin
The Shining One

Annotations:
D:6 Maggie


Innate Abilities, Weirdness & Mutations

You cannot be hasted, slowed, berserked, paralysed or teleported.
You can dig through walls and to a lower floor.
You have a pair of large antennae on your head. (SInv)
Your four strong arms can wield two-handed weapons with a shield.


Message History

There is a stone staircase leading up here.
Found 8 stones.
Found a coppery potion.
Found 8 gold pieces.
Found an escape hatch in the ceiling.
You see here 8 stones.
l - a coppery potion You now have 94 gold pieces (gained 8).
You see here 8 stones.
You sense a monster nearby.
You extend your mandibles.
You dig through the rock wall.
You dig through the rock wall.
You dig through the rock wall.
You dig through the rock wall.
You retract your mandibles.
You hear a distant slurping noise.
You hear a distant slurping noise.
You open the door.
A steam dragon comes into view.
Found 18 gold pieces.
Casting: Foxfire (safe; 4% risk of failure)
Confirm with . or Enter, or press ? or * to list all spells.
You conjure some foxfire!
The steam dragon hisses angrily.
The steam dragon breathes steam at you. The ball of steam hits you!!
Ouch! That really hurt!
The foxfire hits the steam dragon but does no damage.
The foxfire hits the steam dragon.
The steam dragon is lightly wounded.
Casting: Foxfire (safe; 4% risk of failure)
Confirm with . or Enter, or press ? or * to list all spells.
You conjure some foxfire!
You are engulfed in a cloud of scalding steam.
The steam dragon bites you!
* * * LOW HITPOINT WARNING * * *
The steam dragon completely misses you.
You are engulfed in a cloud of scalding steam.
You die...

############ #........<.#
#..........# #..........#
## #..........# ...
#........(.# ....
#..........# .....
###..........#######......
............§§.@vv§'...$..
##...........#§§D§#......
#.##...........######
..... .........#####.#
.... .#######.# #.# ...
#.# #.# ## #.# #.# { #.#
#+# #.#


You could see a steam dragon (ally target).

Vanquished Creatures
  A sky beast (D:6)
  A scorpion (D:6)
  A hound (D:6)
  A centaur skeleton (D:6)
  An orc wizard (D:6)
  A killer bee zombie (D:4)
  3 adders
  An adder skeleton (D:4)
  3 orcs (D:6)
  2 ball pythons (D:4)
  A giant cockroach (D:3)
  4 goblins
  4 jackals (D:1)
  A quokka (D:2)
  2 bats (D:3)
  2 frilled lizards
  2 kobolds
31 creatures vanquished.

Vanquished Creatures (others)
  116 foxfires
116 creatures vanquished.

Grand Total: 147 creatures vanquished

Notes
Turn   | Place    | Note
-------+----------+-------------------------------------------
     0 | D:1      | nxtlvl the Formicid Fire Elementalist began the quest for
                  | the Orb.
     0 | D:1      | Reached XP level 1. HP: 13/13 MP: 3/3
    36 | D:1      | Reached skill level 1 in Conjurations
    85 | D:2      | Reached XP level 2. HP: 19/19 MP: 0/5
   130 | D:1      | Reached XP level 3. HP: 4/24 MP: 1/6
   351 | D:4      | Found a staircase to the Ecumenical Temple.
   357 | Temple   | Entered the Ecumenical Temple
   391 | Temple   | Became a worshipper of Sif Muna the Loreminder
   415 | D:4      | Reached XP level 4. HP: 24/30 MP: 1/7
   426 | D:4      | Reached skill level 1 in Invocations
   426 | D:4      | Noticed a scorpion
   432 | D:5      | Entered Level 5 of the Dungeon
   550 | D:6      | Reached skill level 4 in Fire Magic
   573 | D:6      | Noticed Maggie
   704 | D:6      | Noticed a scorpion
   720 | D:6      | Killed a scorpion
   721 | D:6      | Reached XP level 5. HP: 28/35 MP: 1/8
   798 | D:6      | Reached XP level 6. HP: 41/41 MP: 3/9
   803 | D:6      | Learned a level 4 spell: Sticky Flame
   984 | D:6      | Noticed a sky beast
  1035 | D:6      | Killed a sky beast
  1074 | D:6      | Noticed a komodo dragon
  1074 | D:6      | Noticed an acid dragon
  1150 | D:7      | Noticed a steam dragon
  1157 | D:7      | Engulfed by a steam dragon's steam

Illustrated notes

Levels and vault maps discovered:
D:1:      mrwooster_arrival_statue_3, layout_loops_cross,
          ebering_ecumenical_altar_hall
D:2:      layout_rooms, serial_shops, shop, minmay_divided_ellipse, uniq_jessica
D:3:      layout_loops_ring
D:4:      layout_cave_pools, makhleb_altar_promises_db,
          nicolae_vehumet_radiance, minmay_temple_entry_arrows, minmay_bisected
D:5:      layout_basic, lemuel_crystal_altar, glass_columns_a
D:6:      kennysheep_big_flooded_room, layout_basic, uniq_maggie
D:7:      layout_basic, nicolae_uskayaw_murder_on_the_dancefloor
Temple:   cyrus_circular_temple

Skill      XL: |  1  2  3  4  5  6 |
---------------+-------------------+-----
Conjurations   | 1 2 3 |  3.4
Invocations    | 2 3 |  3.5
Fire Magic     | 4 |  4.9
Dodging        | |  1.7
Stealth        | |  2.4
Spellcasting   | |  2.1

Action                   |  1- 3 |  4- 6 || total
-------------------------+-------+-------++-------
Melee: Whip              |    21 |     5 ||    26
 Cast: Foxfire           |    28 |    44 ||    72
 Abil: Dig               |     4 |    18 ||    22
  Use: Potion            |       |     2 ||     2
Armor: Robe              |     6 |       ||     6
       Leather armour    |       |     3 ||     3
Dodge: Dodged            |    33 |     6 ||    39
